 Dungeon Crawl Stone Soup version 0.18-a0-844-g9229740 (webtiles) character file.

23431 tof the Basher (level 12, 0/95 HPs)
             Began as a Minotaur Monk on Dec 19, 2015.
             Was a High Priest of Okawaru.
             Killed themself with a badly aimed bolt of fire (4 damage)
             ... on level 5 of the Lair of Beasts.
             The game lasted 01:29:19 (16454 turns).

tof the Basher (Minotaur Monk)                     Turns: 16454, Time: 01:29:20

Health: 0/95       AC: 10    Str: 23    XL:     12   Next: 71%
Magic:  8/11       EV: 20    Int:  7    God:    Okawaru [*****.]
Gold:   904        SH: 15    Dex: 17    Spells: 1 memorised, 12 levels left

rFire  + . .     SeeInvis +     a - +3 broad axe of Eternal Night {chop, SInv}
rCold  + + .     Gourm    .     X - +3 leather armour "Xidyeserph" {Str+4}
rNeg   . . .     Faith    .     d - +3 buckler
rPois  +         Spirit   .     R - +0 mask of the Dragon {MR+ Slay+3 SInv}
rElec  +         Dismiss  .     S - +2 cloak
rCorr  +         Reflect  +     (no gloves)
SustAt +         Harm     .     (no boots)
MR     +++..                    i - +5 amulet of reflection
Stlth  ++........               m - ring of protection from magic
                                D - ring of sustain attributes

@: lethally poisoned (0 -> -4), resistant, extremely resistant to hostile
enchantments, unstealthy
A: retaliatory headbutt, horns 2, cold resistance 1, frail 1, low mp 1, magic
resistance 1, mutation resistance 1, strong 1, MP-powered wands
a: Heroism, Finesse, Renounce Religion


You were on level 5 of the Lair of Beasts.
You worshipped Okawaru.
Okawaru was extremely pleased with you.
You were not hungry.

You visited 3 branches of the dungeon, and saw 15 of its levels.
You also visited: Labyrinth and Ossuary.

You collected 904 gold pieces.

Inventory:

Hand Weapons
 a - the +3 broad axe of Eternal Night (weapon) {chop, SInv}
   (You found it in a labyrinth)

   It inflicts extra damage upon your enemies.
   It lets you see invisible.
 k - a +5 flail of flaming
 U - a +4 glaive
Armour
 d - a +3 buckler (worn)
 g - a +3 scale mail of cold resistance
 x - a +2 robe of positive energy
 K - the +5 chain mail of the Nexus {rElec rF- MR- Dex+4}
   (Okawaru gifted it to you on level 1 of the Lair of Beasts)

   It affects your dexterity (+4).
   It makes you vulnerable to fire.
   It insulates you from electricity.
   It affects your resistance to hostile enchantments.
 P - a +2 scale mail of fire resistance
 R - the +0 mask of the Dragon (worn) {MR+ Slay+3 SInv}
   (You found it on level 4 of the Lair of Beasts)

   It affects your accuracy and damage with ranged weapons and melee attacks
   (+3).
   It affects your resistance to hostile enchantments.
   It lets you see invisible.
 S - a +2 cloak (worn)
 X - the +3 leather armour "Xidyeserph" (worn) {Str+4}
   (You found it in a labyrinth)

   It affects your strength (+4).
Rods
 b - a +5 rod of the swarm (14/14)
   (You took it off a minotaur in a labyrinth)
Jewellery
 h - an uncursed ring of positive energy
 i - a +5 amulet of reflection (around neck)
 m - a ring of protection from magic (right hand)
 D - a ring of sustain attributes (left hand)
 W - an uncursed ring of protection from fire
Wands
 c - a wand of slowing (27)
 j - a wand of magic darts (19)
 y - a wand of digging (13)
 C - a wand of frost (24)
 I - a wand of polymorph (10)
 M - a wand of teleportation (7)
 T - a wand of flame (19)
 V - a wand of confusion (22)
 Y - a wand of random effects (30)
Scrolls
 n - 6 scrolls of identify
 o - a scroll of recharging
 r - 5 scrolls of teleportation
 s - 8 scrolls of remove curse
 v - a scroll of blinking
 E - 5 scrolls of fog
 F - 2 scrolls of amnesia
 H - a scroll of brand weapon
 N - a scroll of enchant armour
Potions
 e - a potion of haste
 f - a potion of magic
 u - a potion of cancellation
 w - 4 potions of resistance
 z - a potion of brilliance
 G - 2 potions of agility
Books
 p - a Grand Grimoire

   Spells                             Type                      Level
   a - Monstrous Menagerie            Summoning                    6
   b - Summon Greater Demon           Summoning                    7
   c - Malign Gateway                 Summoning/Translocation      7
   d - Summon Horrible Things         Summoning                    8
 Z - a book of Maledictions

   Spells                             Type                      Level
   a - Corona                         Hexes                        1
   b - Ensorcelled Hibernation        Hexes/Ice                    2
   c - Confuse                        Hexes                        3
   d - Tukima's Dance                 Hexes                        3
   e - Dazzling Spray                 Conjuration/Hexes            3
Miscellaneous
 t - a phial of floods (inert)
 O - a plain deck of summoning {drawn: 2}
Comestibles
 l - 8 chunks of flesh
 q - 8 bread rations
 A - a meat ration
 B - 9 beef jerkies
 J - a slice of pizza
 L - a royal jelly


   Skills:
 + Level 10.0 Fighting
 + Level 3.6(9.4) Axes
 * Level 13.0(13.2) Maces & Flails
 + Level 1.6(2.8) Polearms
 + Level 7.2 Armour
 + Level 11.5 Dodging
 + Level 4.5 Stealth
 + Level 11.0 Shields
 + Level 5.1 Unarmed Combat
 + Level 1.0 Spellcasting
 + Level 0.7 Hexes
 + Level 2.4 Invocations


You had 12 spell levels left.
You knew the following spells:

 Your Spells              Type           Power        Failure   Level  Hunger
a - Corona                Hex            #......      41%         1    ##.....


Dungeon Overview and Level Annotations

Branches:
Dungeon (8/15)             Temple (0/1) D:4            Lair (6/8) D:8
 Shoals (1/4) Lair:3       Spider (0/4) Lair:3
  Slime: Lair:6-8

Altars:
Cheibriados
Gozag
Makhleb
Okawaru
Trog
Vehumet
Xom
Yredelemnul
The Shining One

Shops:
D:5 :


Innate Abilities, Weirdness & Mutations

You reflexively headbutt those who attack you in melee.
You have a pair of horns on your head.
Your flesh is cold resistant.
You are frail (-10% HP).
Your magical capacity is low (-10% MP).
You are resistant to hostile enchantments.
You are somewhat resistant to further mutation.
Your muscles are strong. (Str +2)
You expend magic power (3 MP) to strengthen your wands.


Message History

Evoke which item? (* to show all) (? for menu, Esc to quit)
Aim the phial where?
Press: ? - help, Shift-Dir - straight line, f - plant
Aim: a plant The flood of elemental water hits the plant.
The plant is lightly damaged.
The wave splashes down.
Splash!
You fall into the shallow water.
Moving in this stuff is going to be slow.
The water rises up and takes form.
* * * LOW HITPOINT WARNING * * *
You feel sick.
You hear a bellow!
Evoke which item? (* to show all) (? for menu, Esc to quit)
Zapping:
Y - a wand of random effects (will waste charges)
Press: ? - help, Shift-Dir - straight line, f - you, p - plant Really target yourself?
The bolt of fire hits you! You resist.
You die...

###...# ###.####..## ###..##.#
##.#.### #...###..P# #......
#.....P# #...#.....#####%.....
......## ##.....P.###.##......
##...### ###...................
###....#####.#.#.##...P..##......
####..#.#PP.#...####..####.......
.###....P....≈.### ##.## #PP.....
###...#.P.#..≈≈4@# #..###PP.....
####.#####.#.≈EPh# #.###P....)..
#....## #####≈≈## #..####......
......####.##...# ##.###.#......
.....#.#..##....####.............
##..................>........####
##.#...##.....#..#.#...P..P..#
###...####...####.###..####.##
###...# #....# ### ######...#


You could see a friendly hellwing, a friendly water elemental and a friendly
hell hound.

Vanquished Creatures
  A minotaur (Lab)
  A hydra (Lair:2)
  3 fauns (Shoals:1)
  6 elephants (Lair:3)
  7 spiny frogs
  A siren (Shoals:1)
  5 komodo dragons
  4 black mambas
  A polar bear (Lair:3)
  A merfolk (Lair:3)
  4 blink frogs (Lair:5)
  4 trapdoor spiders (Lab)
  10 yaks
  4 shadows (Lab)
  8 basilisks
  4 spriggans
  Grum (Lair:1)
  A hungry ghost (D:7)
  5 hippogriffs
  7 water moccasins
  12 wolves
  4 porcupines
  2 orc warriors (D:7)
  2 black bears
  An ice beast (D:7)
  4 sky beasts
  2 centaurs
  A phantom (D:4)
  12 crocodiles
  3 ogres
  An earth elemental (Lab)
  11 giant frogs
  A spriggan skeleton (Lab)
  2 crimson imps
  A quasit (D:7)
  2 hounds (D:4)
  2 orc priests (D:7)
  An orc wizard (D:5)
  A centaur skeleton (Lab)
  4 iguanas
  6 worker ants
  Natasha (thrice) (D:4)
  A big kobold zombie (Ossuary)
  6 sheep (Lair:4)
  An ogre skeleton (Lab)
  A hound zombie (D:7)
  8 mummies (Ossuary)
  A worker ant zombie (D:7)
  9 adders
  3 gnolls (D:4)
  28 river rats
  A shadow imp (D:5)
  An adder skeleton (D:4)
  5 worms
  6 giant geckos
  11 orcs
  6 giant cockroaches
  7 hobgoblins
  8 jackals
  4 kobolds
  2 quokkas
  A ball python (D:3)
  4 bats
  4 giant newts
  A gnoll zombie (Ossuary)
  9 goblins
  A hobgoblin zombie (Ossuary)
  A jackal skeleton (D:6)
  3 kobold zombies (Ossuary)
  2 orc zombies (Ossuary)
  A quokka skeleton (D:4)
  4 rats
296 creatures vanquished.

Vanquished Creatures (others)
  Nessos (Lair:5)
  A fungus (Lair:3)
  A plant (Lair:1)
3 creatures vanquished.

Grand Total: 299 creatures vanquished

Notes
Turn   | Place    | Note
--------------------------------------------------------------
     0 | D:1      | tof the Minotaur Monk began the quest for the Orb.
     0 | D:1      | Reached XP level 1. HP: 19/19 MP: 0/0
   363 | D:1      | Reached XP level 2. HP: 22/27 MP: 1/1
   802 | D:2      | Reached XP level 3. HP: 33/33 MP: 2/2
   821 | D:2      | Found an iron altar of Okawaru.
   902 | D:2      | Reached skill level 5 in Unarmed Combat
   980 | D:2      | Became a worshipper of Warmaster Okawaru
   980 | D:2      | Reached * piety under Okawaru
   980 | D:2      | Reached ** piety under Okawaru
  1246 | D:2      | Reached skill level 1 in Armour
  1508 | D:2      | Reached XP level 4. HP: 40/40 MP: 3/3
  1848 | D:3      | Reached skill level 1 in Polearms
  1869 | D:3      | HP: 2/40 [poisoned by a worker ant]
  1877 | D:3      | HP: 1/40 [poisoned by a worker ant]
  3022 | D:3      | Reached XP level 5. HP: 40/47 MP: 4/4
  3130 | D:4      | Found a staircase to the Ecumenical Temple.
  3218 | D:4      | Found a snail-covered altar of Cheibriados.
  3357 | D:4      | Noticed Natasha
  3364 | D:4      | Killed Natasha
  3374 | D:4      | Reached skill level 1 in Maces & Flails
  3481 | D:4      | Noticed Natasha
  3485 | D:4      | Killed Natasha
  3571 | D:4      | Noticed Natasha
  3571 | D:4      | Noticed a phantom
  3581 | D:4      | Killed Natasha
  3583 | D:4      | Reached skill level 1 in Shields
  3585 | D:4      | Reached skill level 5 in Dodging
  3585 | D:4      | Reached XP level 6. HP: 53/53 MP: 5/5
  3764 | D:5      | Entered Level 5 of the Dungeon
  3777 | D:5      | Reached *** piety under Okawaru
  3817 | D:5      | Found Qayggogra's Book Emporium.
  3877 | D:5      | Reached skill level 5 in Fighting
  3993 | D:5      | Reached XP level 7. HP: 39/61 MP: 6/6
  4145 | D:5      | Found a shimmering altar of Xom.
  4539 | D:5      | Reached skill level 1 in Axes
  4539 | D:5      | Reached skill level 6 in Dodging
  4743 | D:5      | Found a basalt altar of Yredelemnul.
  4751 | D:5      | Found a burning altar of Makhleb.
  4756 | D:5      | Found an iron altar of Okawaru.
  5125 | D:6      | Found a sand-covered staircase.
  5133 | Ossuary  | Entered an ossuary
  5845 | D:6      | Found a glowing golden altar of the Shining One.
  6002 | D:6      | Found a bloodstained altar of Trog.
  6100 | D:7      | Reached skill level 7 in Dodging
  6100 | D:7      | Reached XP level 8. HP: 70/70 MP: 7/7
  6113 | D:7      | Found a radiant altar of Vehumet.
  6131 | D:7      | Reached **** piety under Okawaru
  6465 | D:7      | Reached skill level 8 in Dodging
  6485 | D:7      | Gained mutation: Your muscles are strong. (Str +2) [mutagenic meat]
  6486 | D:7      | Gained mutation: Your flesh is cold resistant. [mutagenic meat]
  6487 | D:7      | Gained mutation: Your magical capacity is low (-10% MP). [mutagenic meat]
  6488 | D:7      | Gained mutation: You expend magic power (3 MP) to strengthen your wands. [mutagenic meat]
  6489 | D:7      | Gained mutation: You are resistant to hostile enchantments. [mutagenic meat]
  6673 | D:7      | Reached skill level 5 in Shields
  6673 | D:7      | Reached skill level 1 in Invocations
  6706 | D:7      | Identified a scroll of acquirement
  6707 | D:7      | Got a scorched ring mail
  6718 | D:7      | Identified the +0 ring mail of Dishonesty {+Blink Int+5} (You acquired it on level 7 of the Dungeon)
  6777 | D:7      | Reached skill level 5 in Maces & Flails
  6777 | D:7      | Reached XP level 9. HP: 77/77 MP: 7/7
  6879 | D:7      | Gained mutation: You are frail (-10% HP). [potion of mutation]
  6879 | D:7      | Gained mutation: You are somewhat resistant to further mutation. [potion of mutation]
  7081 | D:8      | Reached ***** piety under Okawaru
  7191 | D:8      | Found a staircase to the Lair.
  7205 | D:8      | Reached skill level 9 in Dodging
  7232 | D:8      | Found an opulent altar of Gozag.
  7275 | Lair:1   | Entered Level 1 of the Lair of Beasts
  7297 | Lair:1   | Noticed Grum
  7305 | Lair:1   | Received a gift from Okawaru
  7315 | Lair:1   | Killed Grum
  7342 | Lair:1   | Got a dazzling chain mail {god gift}
  7570 | Lair:1   | Identified the +5 chain mail of the Nexus {rElec rF- MR- Dex+4} (Okawaru gifted it to you on level 1 of the Lair of Beasts)
  7656 | Lair:1   | Noticed a spiny frog
  7669 | Lair:1   | Killed a spiny frog
  7669 | Lair:1   | Reached skill level 10 in Dodging
  7669 | Lair:1   | Reached XP level 10. HP: 57/77 MP: 8/8
  9244 | Lair:2   | Noticed a black mamba
  9245 | Lair:2   | Noticed a five-headed hydra
  9250 | Lair:2   | Killed a black mamba
  9258 | Lair:2   | Killed a five-headed hydra
  9258 | Lair:2   | Received a gift from Okawaru
  9258 | Lair:2   | Reached XP level 11. HP: 26/84 MP: 9/9
 10228 | Lair:2   | Reached skill level 10 in Maces & Flails
 10820 | Lair:3   | Found a hole to the Spider Nest.
 10980 | Lair:3   | Found a staircase to the Shoals.
 10998 | Shoals:1 | Entered Level 1 of the Shoals
 11084 | Shoals:1 | Reached skill level 5 in Armour
 11340 | Lair:3   | Reached skill level 11 in Dodging
 11450 | Lair:3   | Reached skill level 10 in Shields
 11458 | Lair:3   | HP: 4/130 [elephant (12)]
 11463 | Lair:3   | HP: 3/87 [elephant (1)]
 12056 | Lair:3   | Received a gift from Okawaru
 12056 | Lair:3   | Reached XP level 12. HP: 62/93 MP: 11/11
 12307 | Lair:3   | Reached skill level 12 in Maces & Flails
 12550 | Lair:4   | Found a labyrinth entrance.
 12558 | Lab      | Entered a labyrinth
 12936 | Lab      | Found an exit through the horrors of the Abyss.
 13338 | Lab      | Got a faintly humming leather armour
 13349 | Lab      | Identified the +3 leather armour "Xidyeserph" {Str+4} (You found it in a labyrinth)
 13827 | Lab      | Found an exit through the horrors of the Abyss.
 14062 | Lab      | Noticed a minotaur
 14080 | Lab      | Killed a minotaur
 14359 | Lab      | Got an ichor-stained broad axe
 14364 | Lair:4   | Identified the +3 broad axe of Eternal Night {chop, SInv} (You found it in a labyrinth)
 14385 | Lair:4   | Identified a +5 rod of the swarm (14/14) (You took it off a minotaur in a labyrinth)
 14565 | Lair:4   | Learned a level 1 spell: Corona
 15769 | Lair:5   | Reached skill level 10 in Fighting
 15909 | Lair:5   | Noticed Nessos
 15917 | Lair:5   | Killed Nessos
 15917 | Lair:5   | Reached skill level 13 in Maces & Flails
 15917 | Lair:5   | Reached skill level 1 in Spellcasting
 16423 | Lair:6   | Noticed a catoblepas
 16452 | Lair:5   | HP: 4/95 [poisoned by a water moccasin]
 16454 | Lair:5   | Killed themself with a badly aimed bolt of fire

Vault maps used:
D:1:      dpeg_arrival_rooms_c, minmay_misc_feat_tiny
D:2:      okawaru_metal_pillars_1_2
D:3:      serial_co_window_serial, co_window_corner_a, co_window_paths_a,
          co_window_paths_b, co_window_corner_a, co_window_of_opportunity_a,
          co_window_2corner, co_window_cross_4, co_window_broadway_a,
          co_window_broadway_b, co_window_paths_c, co_window_unsneaky_path_e,
          co_window_paths_c, co_window_paths_d, co_window_4corner_a,
          glass_columns_a, glass_columns_a, glass_columns_b, glass_columns_b,
          glass_columns_a
D:4:      cheibriados_altar_1, minmay_temple_entry_glassed_door, uniq_natasha
D:5:      marbit_many_paths, minmay_overflow_temple_star_quad, serial_shops,
          shop, first_bread
D:6:      lightli_temple_of_fire, nicolae_tso_swordbearing_angel,
          nicolae_ossuary_entry_monument
D:7:      lemuel_crystal_altar, grunt_ogre_cave
D:8:      gammafunk_temple_overflow_elements, grunt_pakellas_basics,
          dpeg_lair_monsters, minmay_bad_closet, nicolae_gozag_seed_capital
Lair:1:   wad_woods_02, uniq_grum
Lair:3:   elwin_shoals_entry_rooms, spider_nest_entry_web_field,
          grunt_forest_stairs_clearing
Lair:4:   lab_entry_generic, lemuel_old_faithful
Lair:5:   uniq_nessos
Lair:6:   st_stairs_7, minivault_25, uniq_rupert
Shoals:1: st_sunken_huts
Lab:      labyrinth_mini_lab, nicolae_lab_blocks, nicolae_lab_flowing_pool,
          labyrinth_fake_exit, nicolae_lab_dead_end, nicolae_lab_hexagon,
          nicolae_lab_t_cross, nicolae_lab_do_over, nicolae_lab_checkerboard,
          labyrinth_glass_1, lab_statue, nicolae_lab_quarters, lab_fountain,
          nicolae_lab_plus, nicolae_lab_grate_2, nicolae_lab_starburst
Ossuary:  ossuary_tomb_3

Action                   |  1- 3 |  4- 6 |  7- 9 | 10-12 || total
-------------------------+-------+-------+-------+-------++-------
Melee: Unarmed           |    18 |       |       |       ||    18
       Spear             |   106 |    58 |       |       ||   164
       Mace              |       |   100 |       |       ||   100
       Hand axe          |       |     9 |    57 |       ||    66
       Flail             |       |       |   234 |   447 ||   681
       Broad axe         |       |       |       |    73 ||    73
 Cast: Corona            |       |       |       |     5 ||     5
Invok: Heroism           |       |       |     3 |     2 ||     5
       Finesse           |       |       |       |     2 ||     2
Evoke: Deck              |       |       |       |     2 ||     2
       Rod               |       |       |       |     1 ||     1
       Phial of floods   |       |       |       |     1 ||     1
  Use: Scroll            |     2 |     4 |    10 |    16 ||    32
       Potion            |       |     2 |    13 |    11 ||    26
 Stab: Sleeping          |     1 |     4 |     6 |     7 ||    18
       Distracted        |       |       |       |     1 ||     1
  Eat: Chunk             |     2 |     7 |    17 |     5 ||    31
       Pizza             |       |     1 |       |     1 ||     2
       Fruit             |       |       |     2 |       ||     2
       Beef jerky        |       |       |     1 |       ||     1
       Meat ration       |       |       |     1 |     3 ||     4
       Royal jelly       |       |       |     1 |     1 ||     2
       Bread ration      |       |       |       |     1 ||     1
